 Dungeon Crawl Stone Soup version 0.17-a0-1046-ga09e34d (webtiles) character file.

15400 SoImmortal the Grappler (level 12, -23/96 HPs)
             Began as a Troll Wizard on May 15, 2015.
             Was an Elder of Sif Muna.
             Annihilated by Maud
             ... wielding a +2 glaive of protection
              (37 damage)
             ... on level 2 of the Orcish Mines.
             The game lasted 00:49:53 (14311 turns).

SoImmortal the Grappler (Troll Wizard)             Turns: 14311, Time: 00:49:53

Health: -23/96     AC:  9    Str: 18    XL:     12   Next: 0%
Magic:  28/29      EV: 10    Int: 18    God:    Sif Muna [****..]
Gold:   884        SH:  0    Dex: 14    Spells: 6 memorised, 5 levels left

rFire  . . .     SeeInvis +       - Unarmed
rCold  x . .     Clarity  .     a - +0 robe
rNeg   . . .     SustAb   .     (no shield)
rPois  .         Gourm    +     S - +1 hat
rElec  .         Spirit   .     e - +2 cloak of the Cicada {rC- rCorr SInv}
rCorr  +         Warding  .     (gloves unavailable)
rMut   .         Stasis   .     (boots unavailable)
MR     .....                    (no amulet)
Stlth  ++........               D - ring of magical power
                                v - +4 ring of dexterity

@: about to teleport, not resistant to hostile enchantments, unstealthy
A: unfitting armour, claws 3, thin skeletal structure 1, fast metabolism 3,
gourmand, mutation resistance 1, regeneration 2, shaggy fur 1, tough skin 2
a: Channel Energy, Forget Spell, Renounce Religion


You were on level 2 of the Orcish Mines.
You worshipped Sif Muna.
Sif Muna was greatly pleased with you.
You were full.

You visited 3 branches of the dungeon, and saw 15 of its levels.
You also visited: Bailey.

You collected 884 gold pieces.

Inventory:

Hand weapons
 z - a +0 blowgun
Missiles
 f - 4 large rocks
 y - 78 poisoned needles
 A - 76 tomahawks of returning (quivered)
 L - 6 needles of paralysis
Armour
 a - a +0 robe (worn)
 e - the +2 cloak of the Cicada (worn) {rC- rCorr SInv}
   (You acquired it on level 9 of the Dungeon)

   It makes you vulnerable to cold.
   It lets you see invisible.
   It protects you from acid and corrosion.
 S - a +1 hat (worn)
Magical staves
 R - an uncursed staff of poison
Jewellery
 n - an uncursed amulet of guardian spirit
 s - an uncursed ring of protection from cold
 v - a +4 ring of dexterity (left claw)
 D - a ring of magical power (right claw)
 K - an uncursed ring of see invisible
 M - an uncursed ring of wizardry
 T - an uncursed ring of wizardry
Magical devices
 j - a wand of teleportation (3)
Scrolls
 h - 3 scrolls of immolation
 B - 2 scrolls of remove curse
 E - a scroll of recharging
 H - 2 scrolls of magic mapping
 N - 2 scrolls of fear
Potions
 b - 3 potions of brilliance
 g - 2 potions of flight
 l - a potion of haste
 m - 3 potions of curing
 o - 2 potions of invisibility
 p - a potion of cure mutation {unknown}
 u - a potion of cancellation {unknown}
 w - 2 potions of might
 C - 3 potions of resistance
 G - a potion of lignification {unknown}
 J - 3 potions of berserk rage {unknown}
 O - a potion of poison {unknown}
 P - a potion of magic {unknown}
 V - a potion of ambrosia {unknown}
Books
 c - a book of Minor Magic

   Spells                             Type                      Level
   a - Magic Dart                     Conjuration                  1
   b - Blink                          Translocation                2
   c - Call Imp                       Summoning                    2
   d - Repel Missiles                 Charms/Air                   2
   e - Slow                           Hexes                        2
   f - Conjure Flame                  Conjuration/Fire             3
   g - Mephitic Cloud                 Conjuration/Poison/Air       3
 F - a book of Fire

   Spells                             Type                      Level
   a - Ignite Poison                  Fire/Transmutation/Poison    3
   b - Fireball                       Conjuration/Fire             5
   c - Bolt of Fire                   Conjuration/Fire             6
   d - Delayed Fireball               Conjuration/Fire             7
   e - Ring of Flames                 Charms/Fire                  7
 Q - a book of Maledictions

   Spells                             Type                      Level
   a - Corona                         Hexes                        1
   b - Ensorcelled Hibernation        Hexes/Ice                    2
   c - Confuse                        Hexes                        3
   d - Tukima's Dance                 Hexes                        3
   e - Dazzling Spray                 Conjuration/Hexes            3
 W - a Grand Grimoire {highlevel, unknown}

   This book is beyond your current level of understanding.

   Spells                             Type                      Level
   a - Monstrous Menagerie            Summoning                    6
   b - Summon Greater Demon           Summoning                    7
   c - Malign Gateway                 Summoning/Translocation      7
   d - Summon Horrible Things         Summoning                    8
 Z - a book of the Dragon

   Spells                             Type                      Level
   a - Flame Tongue                   Conjuration/Fire             1
   b - Cause Fear                     Hexes                        4
   c - Bolt of Fire                   Conjuration/Fire             6
   d - Dragon Form                    Transmutation                7
   e - Dragon's Call                  Summoning                    9
Comestibles
 d - 9 bread rations
 q - 6 meat rations
 t - a slice of pizza
 x - 8 fruits
 I - a royal jelly


   Skills:
 - Level 1.5 Dodging
 - Level 1.1 Stealth
 - Level 13.8 Unarmed Combat
 - Level 6.0 Spellcasting
 - Level 5.1 Conjurations
   Level 0.6 Summonings
 - Level 0.6 Translocations
 + Level 5.7 Transmutations


You had 5 spell levels left.
You knew the following spells:

 Your Spells              Type           Power        Failure   Level  Hunger
a - Magic Dart            Conj           ###.         1%          1    None
b - Repel Missiles        Chrm/Air       #.....       17%         2    None
c - Blink                 Tloc           N/A          14%         2    None
d - Mephitic Cloud        Conj/Pois/Air  ##......     21%         3    ##.....
e - Conjure Flame         Conj/Fire      ##......     14%         3    ##.....
f - Dragon Form           Trmt           ####......   100%        7    #######


Dungeon Overview and Level Annotations

Branches:
Dungeon (12/15)            Temple (1/1) D:5            Lair (0/8) D:10
    Orc (2/4) D:12

Altars:
Ashenzari
Cheibriados
Dithmenos
Elyvilon
Fedhas
Gozag
Kikubaaqudgha
Makhleb
Nemelex Xobeh
Okawaru
Qazlal
Ru
Sif Muna
Trog
Vehumet
Xom
Yredelemnul
Zin
The Shining One
Beogh

Annotations:
D:2 exclusion: oklob plant
D:9 Psyche
Orc:2 Maud


Innate Abilities, Weirdness & Mutations

You are too large for most types of armour.
You have claws for hands.
Your metabolism is lightning-fast.
You like to eat raw meat.
You heal very quickly.
You are covered in fur (AC +1).
You have very tough skin (AC +2).
You have a somewhat thin skeletal structure (Dex +2, Stealth).
You are somewhat resistant to further mutation.


Message History

Unknown command.
Drink which item? (? for menu, Esc to quit)
You feel much better.
Maud is engulfed in roaring flames.
Maud hits you with a glaive of protection!!
* * * LOW HITPOINT WARNING * * *
The orc hits you.
* * * LOW HITPOINT WARNING * * *
Read which item? (? for menu, Esc to quit)
Okay, then.
Drink which item? (? for menu, Esc to quit)
You feel much better.
The orc splashes around in the water.
Read which item? (? for menu, Esc to quit)
As you read the scroll of teleportation, it crumbles to dust.
You feel strangely unstable.
Maud hits you with a glaive of protection!!
* * * LOW HITPOINT WARNING * * *
The orc splashes around in the water.
Maud is engulfed in roaring flames.
Maud hits you from afar with a glaive of protection!!!
You die...

,,,,,**,** ##@o.# ***,*
**,,,,,,,* ##@g## ***
**,,,,,,,*** #o..#
,**,*,,,,*,###..##
**,,,,,,,,##....# ###
*,,,,,,,**#....## ##.###
,,,,,,,,###..### ##....####
,,,,,,,##(.(.######........#
,,,,,**#......@.@.....#....###
,,,,**
##.....o≈[≈≈≈≈.#....#.## *,,,*
#.....≈##[##≈.........## *****
##....≈#...#≈..........##
##...≈#.".#≈....#......#
**###...≈#...#≈...#........
**#.#.....≈#####≈......#.....
**.........≈≈≈≈≈≈(..##.##.....
*
*,...#.#.#............###..>..


You could see Maud (bleeding) and an orc.

Vanquished Creatures
  An ogre mage (D:12)
  Urug (Orc:2)
  Pikel (D:8)
  3 hill giants
  3 orc knights
  An orc sorcerer (Orc:1)
  An ugly thing (D:11)
  A cyclops (D:11)
  A spiny frog (D:10)
  3 two-headed ogres (D:12)
  A troll (D:11)
  A spriggan (D:7)
  15 yaks
  A wraith (D:11)
  A wyvern (D:10)
  A hungry ghost (D:7)
  2 wargs
  4 slaves (D:8)
  14 orc warriors
  3 phantoms
  12 ogres
  A crocodile (D:7)
  An ice beast (D:7)
  3 sky beasts
  3 centaurs
  5 big kobolds
  A giant frog (D:6)
  A scorpion (D:6)
  5 killer bees
  6 crimson imps
  2 quasits
  2 giant frog zombies
  14 orc priests
  Ijyb (D:2)
  A giant frog skeleton (D:6)
  3 hounds
  3 jellies
  5 worker ants
  16 orc wizards
  2 iguanas
  A hell rat (D:10)
  A hound zombie (D:9)
  A hound skeleton (D:8)
  2 worker ant zombies (D:11)
  19 gnolls
  7 adders
  3 river rats (D:10)
  3 oozes
  2 adder skeletons
  An adder zombie (D:8)
  4 worms
  10 giant geckos
  77 orcs
  2 ball pythons
  5 giant cockroaches
  24 goblins
  34 hobgoblins
  8 jackals
  8 quokkas
  17 bats
  A giant gecko skeleton (D:6)
  6 giant newts
  35 kobolds
  A quokka skeleton (D:8)
  23 rats
441 creatures vanquished.

Vanquished Creatures (collateral kills)
  A killer bee (D:7)
1 creature vanquished.

Vanquished Creatures (others)
  An orc (Orc:1)
1 creature vanquished.

Grand Total: 443 creatures vanquished

Notes
Turn   | Place    | Note
--------------------------------------------------------------
     0 | D:1      | SoImmortal the Troll Wizard began the quest for the Orb.
     0 | D:1      | Reached XP level 1. HP: 16/16 MP: 2/2
    78 | D:1      | Reached skill level 1 in Unarmed Combat
   144 | D:1      | Reached XP level 2. HP: 24/24 MP: 2/4
   376 | D:1      | Reached XP level 3. HP: 27/31 MP: 5/5
   906 | D:2      | Reached skill level 3 in Unarmed Combat
  1237 | D:2      | Noticed Ijyb
  1247 | D:2      | Killed Ijyb
  1247 | D:2      | Reached XP level 4. HP: 32/39 MP: 4/6
  1366 | D:2      | Reached skill level 4 in Unarmed Combat
  1707 | D:2      | Found a blossoming altar of Fedhas.
  1728 | D:2      | Noticed an oklob plant
  2524 | D:3      | Reached XP level 5. HP: 45/45 MP: 7/7
  2535 | D:3      | Gained mutation: You have a somewhat thin skeletal structure (Dex +2, Stealth). [potion of beneficial mutation]
  3431 | D:4      | Reached skill level 5 in Unarmed Combat
  3450 | D:4      | Found a shadowy altar of Dithmenos.
  4123 | D:5      | Entered Level 5 of the Dungeon
  4252 | D:5      | Noticed an ogre
  4259 | D:5      | Killed an ogre
  4259 | D:5      | Reached skill level 6 in Unarmed Combat
  4259 | D:5      | Reached XP level 6. HP: 25/53 MP: 3/8
  4490 | D:5      | Noticed a centaur
  4509 | D:5      | Killed a centaur
  4640 | D:5      | Found a staircase to the Ecumenical Temple.
  4727 | D:5      | Reached skill level 7 in Unarmed Combat
  4796 | D:5      | Reached XP level 7. HP: 44/59 MP: 5/9
  5441 | D:6      | Reached skill level 8 in Unarmed Combat
  5480 | D:6      | Learned a level 2 spell: Repel Missiles
  5483 | D:6      | Learned a level 2 spell: Blink
  5633 | D:6      | Found a shattered altar of Ashenzari.
  5709 | D:6      | Found a stormy altar of Qazlal.
  5712 | D:6      | Found a snail-covered altar of Cheibriados.
  5715 | D:6      | Found an opulent altar of Gozag.
  5790 | D:6      | Learned a level 3 spell: Mephitic Cloud
  5850 | D:6      | Reached skill level 9 in Unarmed Combat
  5850 | D:6      | Reached skill level 1 in Conjurations
  5988 | D:6      | Reached XP level 8. HP: 67/67 MP: 10/10
  6717 | Temple   | Entered the Ecumenical Temple
  6795 | Temple   | Became a worshipper of Sif Muna the Loreminder
  6972 | D:7      | Reached skill level 10 in Unarmed Combat
  7205 | D:7      | Reached XP level 9. HP: 68/74 MP: 12/12
  7812 | D:8      | Noticed Pikel
  7830 | D:8      | Killed Pikel
  7830 | D:8      | Acquired Sif Muna's first power
  7832 | D:8      | Found an iron altar of Okawaru.
  8102 | D:8      | Found a radiant altar of Vehumet.
  8102 | D:8      | Found a burning altar of Makhleb.
  8215 | D:8      | Reached skill level 5 in Conjurations
  8328 | D:9      | Noticed Psyche
  8417 | D:9      | Reached skill level 11 in Unarmed Combat
  8532 | D:9      | Identified a scroll of acquirement
  8533 | D:9      | Got a crude cloak
  8544 | D:9      | Identified the +2 cloak of the Cicada {rC- rCorr SInv} (You acquired it on level 9 of the Dungeon)
  8561 | D:9      | Learned a level 3 spell: Conjure Flame
  8875 | D:10     | Entered Level 10 of the Dungeon
  8895 | D:10     | Found a staircase to the Lair.
  8932 | D:10     | Reached XP level 10. HP: 64/81 MP: 12/15
  9389 | D:10     | Noticed an orc knight
  9494 | D:10     | Killed an orc knight
  9663 | D:10     | Acquired Sif Muna's second power
 10078 | D:11     | Reached skill level 12 in Unarmed Combat
 10082 | D:11     | Reached skill level 5 in Spellcasting
 10211 | D:11     | Noticed a cyclops
 10225 | D:11     | Killed a cyclops
 10399 | D:11     | Noticed a hill giant
 10413 | D:11     | Killed a hill giant
 10750 | D:11     | You fall through a shaft!
 10793 | D:12     | Noticed a hill giant
 10883 | D:12     | Found a shadowy altar of Dithmenos.
 11106 | D:11     | Noticed a white ugly thing
 11119 | D:11     | Killed a white ugly thing
 11119 | D:11     | Reached XP level 11. HP: 31/88 MP: 5/18
 11353 | D:12     | Killed a hill giant
 11412 | D:12     | Learned a level 7 spell: Dragon Form
 11485 | D:12     | Reached skill level 13 in Unarmed Combat
 11520 | D:12     | Noticed an ogre mage
 11678 | D:12     | Killed an ogre mage
 11831 | D:12     | Found a staircase to the Orcish Mines.
 11889 | D:12     | Found a roughly hewn altar of Beogh.
 12151 | D:12     | Reached skill level 1 in Transmutations
 12343 | D:12     | Noticed a hill giant
 12354 | D:12     | Killed a hill giant
 12403 | Orc:1    | Entered Level 1 of the Orcish Mines
 12715 | Orc:1    | Acquired Sif Muna's third power
 13427 | Orc:1    | Reached skill level 5 in Transmutations
 13518 | Orc:2    | Found a flagged portal.
 13587 | Bailey   | Entered a bailey
 13990 | Bailey   | Gained mutation: You are somewhat resistant to further mutation. [potion of beneficial mutation]
 14080 | Orc:2    | Noticed Urug
 14088 | Orc:2    | Noticed Maud
 14137 | Orc:2    | Killed Urug
 14137 | Orc:2    | Reached XP level 12. HP: 96/96 MP: 20/20
 14311 | Orc:2    | Annihilated by Maud

Vault maps used:
D:1:      lightli_arrival_flooded_house, minivault_25, columned_hall_lemuel,
          minivault_24, minmay_misc_feat_diagonals
D:2:      tgw_fedhas, roderic_serpentine_path, minmay_close_crescents, uniq_iyjb
D:4:      lemuel_crystal_altar, feat_on_display
D:5:      minmay_temple_entry_enclosed_plants, first_bread
D:6:      grunt_temple_overflow_diamond, nicolae_ashenzari_panopticon
D:7:      minmay_holes, the_bakery
D:8:      grunt_temple_overflow_lords_of_destruction, basic_altar, uniq_pikel
D:9:      lemuel_flame_loot_2, uniq_psyche
D:10:     dpeg_lair_monsters, kennysheep_just_a_vault
D:11:     st_stairs_10
D:12:     orc_0_dummy, basic_altar, special_room
Temple:   minmay_freezing_vapour_temple_12
Orc:2:    enter_bailey_3, uniq_maud, uniq_urug
Bailey:   bailey_axe_2, bailey

Action                   |  1- 3 |  4- 6 |  7- 9 | 10-12 || total
-------------------------+-------+-------+-------+-------++-------
Melee: Unarmed           |   118 |   210 |   501 |   561 ||  1390
Throw: Tomahawk          |       |     5 |    12 |     3 ||    20
 Cast: Magic Dart        |     6 |     8 |     2 |     2 ||    18
       Repel Missiles    |       |       |     4 |     4 ||     8
       Mephitic Cloud    |       |       |     8 |    14 ||    22
       Conjure Flame     |       |       |       |    14 ||    14
       Blink             |       |       |       |     1 ||     1
  Use: Scroll            |       |     7 |    16 |     9 ||    32
       Potion            |       |     2 |       |     7 ||     9
 Stab: Sleeping          |       |     2 |     3 |     5 ||    10
       Confused          |       |       |     4 |     2 ||     6
  Eat: Chunk             |    15 |    31 |    46 |    49 ||   141
